 Dungeon Crawl Stone Soup version 0.26.1-11-gd32895ea62 (webtiles) character file.

Game seed: 14312971244143280349

116 Zeld the Digger (level 5, 0/30 HPs)
             Began as a Gargoyle Earth Elementalist on June 10, 2021.
             Slain by a rat (1 damage)
             ... on level 2 of the Dungeon.
             The game lasted 00:02:42 (2001 turns).

Zeld the Digger (Gargoyle Earth Elementalist)       Turns: 2001, Time: 00:02:43

Health: 0/30       AC:  7    Str: 11    XL:     5   Next: 0%
Magic:  9/9        EV: 12    Int: 17    God:
Gold:   71         SH:  0    Dex: 10    Spells: 3/9 levels left

rFire    . . .     SeeInvis .   (no weapon)
rCold    . . .     Faith    .   (no shield)
rNeg     + . .     Spirit   .   c - +0 robe
rPois    ∞         Reflect  .   (no helmet)
rElec    +         Harm     .   g - +0 cloak
rCorr    .         Rampage  .   (no gloves)
Will     .....                  (no boots)
Stlth    ++........             (no amulet)
HPRegen  0.10/turn              (no ring)
MPRegen  0.11/turn              (no ring)

@: no status effects
A: negative energy resistance 1, electricity resistance, unbreathing,
petrification resistance, miasma immunity, AC +4
a: no special abilities


You were on level 2 of the Dungeon.
You visited 1 branch of the dungeon, and saw 2 of its levels.

You collected 71 gold pieces.

Inventory:

Missiles
 b - 104 stones (quivered)
Armour
 c - a +0 robe (worn)
 g - a +0 cloak (worn)
Scrolls
 a - 4 scrolls of teleportation
 f - 2 scrolls of remove curse
 h - a scroll of identify
 k - a scroll of immolation
Potions
 d - a potion of resistance {unknown}
 e - 2 potions of attraction {unknown}
 i - a potion of mutation {unknown}
 j - a potion of invisibility {unknown}


   Skills:
 + Level 1.9 Fighting
 + Level 2.2 Dodging
 - Level 2.1 Stealth
 + Level 2.7 Spellcasting
 - Level 0.7 Transmutations
 * Level 5.0 Earth Magic


You had 3 spell levels left.
You knew the following spells:

 Your Spells              Type           Power        Failure   Level
a - Sandblast             Erth           38%          2%          1
b - Passwall              Tmut/Erth      10%          9%          2
c - Stone Arrow           Conj/Erth      20%          19%         3

Your spell library contained the following spells:

 Spells                   Type           Power        Failure   Level
 Petrify                  Tmut/Erth      12%          50%         4
 Lee's Rapid Deconstruct  Erth           9%           52%         5


Dungeon Overview and Level Annotations

Branches:
Dungeon (2/15)

Altars:
Qazlal
Xom


Innate Abilities, Weirdness & Mutations

You are resistant to torment.
Your stone body is resilient. (AC +4)
You are immune to poison.
You resist negative energy. (rN+)
You are resistant to electric shocks. (rElec)
You can survive without breathing.
You are immune to petrification.
You are immune to miasma.


Message History

The rat bites you but does no damage. The rat bites you.
* * * LOW HITPOINT WARNING * * *
The rat closely misses you. The rat closely misses you.
The rat bites you but does no damage. The rat misses you.
The rat bites you but does no damage. The rat closely misses you.
The rat closely misses you. The rat bites you.
* * * LOW HITPOINT WARNING * * *
The rat bites you but does no damage. The rat closely misses you.
The rat barely misses you. The rat bites you but does no damage.
The rat bites you.
* * * LOW HITPOINT WARNING * * *
The rat bites you.
You die...

...........# ^^^.^(. #.#
###........# #≈^##..≈( ..#
#........# #^##^..≈###^.#
#........# #.#≈.^(.#^#^.#
#........# ###.^≈^..^.....#
#############......._......#
....^..≈(.....≈##
##r^##.≈..^.#≈#
#@.^^.≈..#≈^^#
#.^##≈...###≈#
#....^^..^^.## ##..?...#####
########


You could see a rat.

Vanquished Creatures
  Natasha (thrice) (D:1)
  2 adders (D:2)
  A ball python (D:1)
  A bat (D:1)
  2 giant cockroaches
  3 goblins
  2 hobgoblins (D:1)
  4 frilled lizards
  6 kobolds
  2 rats
26 creatures vanquished.

Notes
Turn   | Place    | Note
-------+----------+-------------------------------------------
     0 | D:1      | Zeld the Gargoyle Earth Elementalist began the quest for
                  | the Orb.
     0 | D:1      | Reached XP level 1. HP: 10/10 MP: 3/3
   384 | D:1      | Reached XP level 2. HP: 16/16 MP: 3/5
   387 | D:1      | Learned a level 2 spell: Passwall
   528 | D:1      | Reached skill level 4 in Earth Magic
   783 | D:2      | Reached skill level 1 in Fighting
   783 | D:2      | Reached XP level 3. HP: 20/20 MP: 3/6
   788 | D:2      | Learned a level 3 spell: Stone Arrow
   789 | D:2      | Noticed Natasha
   800 | D:1      | Killed Natasha
   997 | D:1      | Noticed Natasha
  1001 | D:1      | Killed Natasha
  1002 | D:1      | Reached XP level 4. HP: 25/25 MP: 4/7
  1010 | D:1      | Noticed Natasha
  1014 | D:1      | Killed Natasha
  1597 | D:2      | Reached skill level 5 in Earth Magic
  1602 | D:2      | Reached XP level 5. HP: 30/30 MP: 3/9
  1713 | D:2      | Found a shimmering altar of Xom.
  1723 | D:2      | Found a stormy altar of Qazlal.
  1995 | D:2      | HP: 1/30 [rat (1)]
  2000 | D:2      | HP: 1/30 [rat (1)]
  2001 | D:2      | Slain by a rat

Illustrated notes

Levels and vault maps discovered:
D:1:      evilmike_arrival_plus, layout_rooms
D:2:      layout_rooms, lemuel_crystal_altar, grunt_qazlal_sundering,
          roderic_serpentine_path, uniq_natasha

Skill      XL: |  1  2  3  4 |
---------------+-------------+-----
Earth Magic    | 4 5 |  5.0
Fighting       | 1 |  1.9
Dodging        | 2 |  2.2
Stealth        | |  2.1
Spellcasting   | |  2.7
Transmutations | |  0.7

Action                   |  1- 3 |  4- 6 || total
-------------------------+-------+-------++-------
Melee: Unarmed           |    15 |     1 ||    16
 Cast: Sandblast         |    32 |    10 ||    42
  Use: Scroll            |       |     3 ||     3
Armor: Robe              |     7 |    85 ||    92
Dodge: Dodged            |    21 |   137 ||   158
